 Dungeon Sprint DCSS version 0.30-a0-949-g53dc5368d7 (webtiles) character file.

Game seed: 10492315413872383094

27365 BigDaddyOpFi the Unforgettable (level 13, 0/180 HPs)
             Began as an Armataur Fighter on Mar 27, 2023.
             Was the Champion of Hepliaklqana.
             Killed by a royal mummy's death curse (16 damage)
             ... in the Dungeon (Sprint V: "Ziggurat Sprint").
             The game lasted 00:04:07 (1338 turns).

BigDaddyOpFi the Unforgettable (Armataur Fighter)   Turns: 1338, Time: 00:04:07

Health: 0/180      AC: 31    Str: 38    XL:     13   Next: 4%
Magic:  26/26      EV:  1    Int:  6    God:    Hepliaklqana [******]
Gold:   0          SH: 31    Dex: 10    Spells: 12/12 levels left

rFire   . . .      SeeInvis +    c - +16 obsidian axe {drain, demonic, Mesm Drain Fly SInv}
rCold   . . .      Faith    .    D - +18 shield of the Gong {Loud rN+ Will+ rCorr EV-5}
rNeg    + . .      Spirit   .    C - +15 Maxwell's patent armour {-Cast -Tele rElec Will+ rCorr}
rPois   .          Reflect  .    (no helmet)
rElec   +          Roll     +    (no cloak)
rCorr   +          NoTele   +    (no gloves)
Will    ++++.      NoCast   +    (no barding) Stlth Rage 50%
                                 H - necklace of Bloodlust {Fury *Rage Will++ Int-3 Slay+6}
HPRegen 0.50/turn                z - +6 ring of strength
MPRegen 0.20/turn                A - +6 ring of strength

@: berserking, flying, slowed
A: reduced essence, large, rugged brown scales 3, deformed body, armoured tail,
roll, long tongue, awkward tongue
a: Renounce Religion, Recall Ancestor, Ancestor Identity, Transference, Idealise


You were in the Dungeon.
You worshipped Hepliaklqana.
Hepliaklqana was exalted by your worship.
You visited 1 branch

Inventory:

Hand Weapons
 c - the +16 obsidian axe (weapon) {drain, demonic, Mesm Drain Fly SInv}
   (You found it in the Dungeon)

   Mesm:      Its wielder is mesmerised by any visible foes, and it cannot be
   unequipped while any foes are visible.
   SInv:      It lets you see invisible.
   Fly:       It grants you flight.
   Drain:     It drains your maximum health when unequipped.
Armour
 C - the +15 Maxwell's patent armour (worn) {-Cast -Tele rElec Will+ rCorr}
   (You found it in the Dungeon)

   rElec:     It insulates you from electricity.
   -Cast:     It prevents spellcasting.
   -Tele:     It prevents most forms of teleportation.
   rCorr:     It protects you from acid and corrosion.
   Will:      It increases your willpower.
 D - the +18 shield of the Gong (worn) {Loud rN+ Will+ rCorr EV-5}
   (You found it in the Dungeon)

   Loud:      It is deafeningly noisy when blocking attacks.
   EV:        It affects your evasion (-5).
   rN:        It protects you from negative energy.
   rCorr:     It protects you from acid and corrosion.
   Will:      It increases your willpower.
Jewellery
 k - an amulet of regeneration
 n - the amulet "Cuzeawne Ull" {Acrobat rPois rN++ Int-4}
   (You found it in the Dungeon)

   [amulet of the acrobat]

   It increases your evasion while moving and waiting.
   Int:       It affects your intelligence (-4).
   rPois:     It protects you from poison.
   rN:        It greatly protects you from negative energy.
 u - a ring of flight
 v - a +6 ring of dexterity
 w - a +6 ring of dexterity
 x - a +6 ring of intelligence
 y - a +6 ring of intelligence
 z - a +6 ring of strength (left hand)
 A - a +6 ring of strength (right hand)
 E - an amulet of faith
 F - the amulet of Xom's Full Attention {Spirit rN+ Will+}
   (You found it in the Dungeon)

   [amulet of guardian spirit]

   It causes incoming damage to be divided between your reserves of health and
   magic.
   rN:        It protects you from negative energy.
   Will:      It increases your willpower.
 H - the necklace of Bloodlust (around neck) {Fury *Rage Will++ Int-3 Slay+6}
   (You found it in the Dungeon)

   [amulet of nothing]

   Fury:      It extends the wearer's berserk rage when killing foes.
   Int:       It affects your intelligence (-3).
   Slay:      It affects your accuracy & damage with ranged weapons and melee
   (+6).
   *Rage:     It berserks you when you make melee attacks (+50% chance).
   Will:      It greatly increases your willpower.
 I - a ring of see invisible
 K - a ring of magical power
 L - the ring "Tuithrugg" {rPois Dex+6}
   (You found it in the Dungeon)

   [ring of dexterity]

   Dex:       It affects your dexterity (+6).
   rPois:     It protects you from poison.
 M - the brooch of Shielding {Spirit SH+8}
   (You found it in the Dungeon)

   [amulet of guardian spirit]

   It causes incoming damage to be divided between your reserves of health and
   magic.
   SH:        It affects your SH (+8).
 N - a ring of willpower
 P - a ring of wizardry
Wands
 s - a wand of mindburst (7)
 t - a wand of quicksilver (7)
Scrolls
 j - 4 scrolls of blinking
 o - 4 scrolls of amnesia
 p - 10 scrolls of fog
 q - 5 scrolls of identify
 r - 2 scrolls of fear
 O - a scroll of brand weapon
Potions
 b - 2 potions of brilliance
 d - 6 potions of might
 e - 10 potions of curing
 f - 5 potions of heal wounds
 g - 6 potions of haste
 h - 7 potions of magic
 i - 3 potions of berserk rage
 l - 2 potions of invisibility
 m - 4 potions of resistance
Miscellaneous
 a - a lightning rod (4/4)
 B - a lightning rod (4/4)
 G - a phantom mirror
 J - a phantom mirror


   Skills:
 + Level 14.0 Fighting
 + Level 12.6 Axes
 + Level 17.6 Armour
 + Level 16.1 Shields
 * Level 19.5 Invocations


You had 12 spell levels left.
You didn't know any spells.
Your spell library contained the following spells:

 Spells                   Type           Power      Damage    Failure   Level
 Foxfire                  Conj/Fire      0%         2x1d4     95%         1
 Magic Dart               Conj           0%         1d3       95%         1
 Scorch                   Fire           0%         2d5       98%         2
 Searing Ray              Conj           0%         2d4       98%         2
 Mephitic Cloud           Conj/Pois/Air  0%         N/A       100%        3
 Portal Projectile        Hex/Tloc       0%         N/A       100%        3
 Tukima's Dance           Hex            0%         N/A       100%        3
 Flame Wave               Conj/Fire      0%         2d4       100%        4
 Fulminant Prism          Conj/Hex       0%         3d5       100%        4
 Olgreb's Toxic Radiance  Pois           0%         N/A       100%        4
 Sticky Flame             Conj/Fire      0%         2d3       100%        4
 Alistair's Intoxication  Tmut/Pois      0%         N/A       100%        5
 Blade Hands              Tmut           0%         N/A       100%        5
 Plasma Beam              Fire/Air       0%         2x1d11    100%        5
 Summon Cactus Giant      Summ           0%         N/A       100%        6
 Storm Form               Tmut/Air       0%         N/A       100%        7


Dungeon Overview and Level Annotations

Branches:
Dungeon (1/1)

Altars:
Ashenzari
Cheibriados
Dithmenos
Elyvilon
Fedhas
Gozag
Hepliaklqana
Kikubaaqudgha
Makhleb
Nemelex Xobeh
Okawaru
Qazlal
Ru
Sif Muna
Trog
Uskayaw
Vehumet
Wu Jian
Xom
Yredelemnul
Zin
The Shining One
Jiyva
Lugonu

Annotations:
D 1 transporter


Innate Abilities, Weirdness & Mutations

Your life essence is reduced to manifest your ancestor. (-10% HP)
You are completely covered in rugged brown scales. (AC +3, +7% HP)
Armour fits poorly on your strangely shaped body.
You have a long armoured tail.
You roll when moving toward enemies. (Rampage)
Your long tongue fully drains potion bottles. (2x potion effects)
Your tongue gives you trouble enunciating. (1.5x scroll delay)


Message History

The royal mummy calls on the powers of darkness!
Your body is wracked with pain!
* * * LOW HITPOINT WARNING * * *
Wilfreda barely misses the guardian mummy.
Your ice devil hits the guardian mummy.
Your ice devil freezes the guardian mummy!
The guardian mummy resists.
You barely miss the royal mummy. You tail-slap the royal mummy.
The royal mummy is heavily damaged.
You slice the guardian mummy!!
You destroy the guardian mummy!
You feel extremely nervous for a moment...
Your bones ache.
Your sun demon barely misses the royal mummy.
You block the royal mummy's attack.
GONNNNG!
Your sun demon barely misses the royal mummy.
Your Fighting skill increases to level 14!
You slash the royal mummy!
The royal mummy is severely damaged.
The royal mummy mumbles some strange words.
Your sun demon hits the royal mummy!
The royal mummy is engulfed in flames!
The royal mummy resists.
Your ice devil closely misses the royal mummy.
You slash the royal mummy! You tail-slap the royal mummy!!
The royal mummy is almost destroyed.
The death scarab bites your sun demon!!
Wilfreda hits the royal mummy with a +0 flail!
Wilfreda blocks the royal mummy's attack.
Your sun demon hits the death scarab.
The death scarab is engulfed in flames!!
Your ice devil hits the royal mummy.
Your ice devil freezes the royal mummy!
The royal mummy resists.
You slice the royal mummy!!
You are no longer entranced.
You destroy the royal mummy!
The death scarab disappears in a puff of smoke!
You feel extremely nervous for a moment...
Pain shoots through your body!
You die...

▓..8©8...▓. ▓........▓.
▓...[....▓.
▓▓▓▓▓▓▓▓▓▓▓▓▓...††...▓.
▓....8©8....▓........▓.
▓..=)|)§....▓.▓....▓.▓.
▓...)}:):)..▓...©....▓.
▓.....3=....▓▓▓▓▓▓▓▓▓▓▓
▓.....@4R...▓...8©8...▓
▓...........▓..[}||...▓
▓.....†.....▓...:))...▓
▓...........▓.........▓
▓..▓.....▓..▓....3....▓
▓...........▓.........▓
▓.....©.....▓.........▓
▓▓▓▓▓▓▓▓▓▓▓▓▓.........▓
▓....8©8....▓....©....▓


You could see the friendly Wilfreda the knight, a friendly sun demon (summoned)
and a friendly ice devil (summoned).

Vanquished Creatures
  A royal mummy (D)
  2 rockslimes (D)
  A vampire knight (D)
  A green draconian (D)
  A mummy priest (D)
  A great orb of eyes (D)
  A two-headed ogre (shapeshifter) (D)
  2 death scarabs (D)
  A thrashing horror (D)
  A deep elf knight (D)
  2 skeletal warriors (D)
  A sea snake (shapeshifter) (D)
  A spriggan druid (D)
  A deep elf pyromancer (D)
  2 ugly things (D)
  3 cyclopes (shapeshifter) (D)
  12 draconians (D)
  An elephant (D)
  An unseen horror (shapeshifter) (D)
  A rime drake (D)
  3 guardian mummies (D)
  A merfolk (shapeshifter) (D)
  3 slime creatures (D)
  A shadow (D)
  A spriggan (D)
  A flying skull (D)
  A golden eye (D)
  An ushabti (D)
  3 redbacks (D)
  A floating eye (D)
  2 wolves (D)
  3 bullfrogs (D)
  An earth elemental (D)
  3 scorpions (D)
  4 wights (D)
  2 jellies (D)
  An iguana (D)
  2 mummies (D)
  4 river rats (D)
  A shadow imp (D)
  A white imp (D)
  An adder skeleton (D)
  2 jackals (D)
  A ball python zombie (D)
  2 giant cockroach zombies (D)
  A quokka simulacrum (D)
84 creatures vanquished.

Vanquished Creatures (collateral kills)
  A royal mummy (D)
  A red draconian (D)
  A dancing weapon (D)
  A deep elf knight (D)
  A deep elf archer (D)
  A deep elf zephyrmancer (D)
  A shining eye (D)
  2 draconians (D)
  A hornet (D)
  A slime creature (D)
  2 spriggans (D)
  An earth elemental (D)
  A shadow imp (D)
  A white imp (D)
  2 ufetubi (D)
  A ball python (D)
  A jackal (D)
20 creatures vanquished.

Vanquished Creatures (others)
  An ancestor (D)
1 creature vanquished.

Grand Total: 105 creatures vanquished

Notes
Turn   | Place    | Note
-------+----------+-------------------------------------------
     0 | D        | BigDaddyOpFi the Armataur Fighter began the quest for the
                  | Orb.
     0 | D        | Reached XP level 1. HP: 19/19 MP: 1/1
     0 | D        | Found a shimmering blue altar of Sif Muna.
     0 | D        | Found a bloodstained altar of Trog.
     0 | D        | Found a sacrificial altar of Ru.
     0 | D        | Found a stormy altar of Qazlal.
     0 | D        | Found an iron altar of Okawaru.
     5 | D        | Found a blossoming altar of Fedhas.
     5 | D        | Found the +6 Majin-Bo {spellvamp, MP+6 Int+6}
     5 | D        | Found the +27 heavy crossbow "Sniper" {heavy, Acc+∞ SInv}
     5 | D        | Found the +10 dark maul {heavy}
     5 | D        | Found the +15 Maxwell's patent armour {-Cast -Tele rElec
                  | Will+ rCorr}
     5 | D        | Found the +18 shield of the Gong {Loud rN+ Will+ rCorr
                  | EV-5}
     5 | D        | Found the +16 obsidian axe {drain, demonic, Mesm Drain Fly
                  | SInv}
     5 | D        | Found the +7 great mace "Firestarter" {flame, inner flame,
                  | rFlCloud rF++}
     5 | D        | Found the +6 shillelagh "Devastator" {shatter}
     5 | D        | Found the +11 plutonium sword {Contam Stlth-}
     5 | D        | Found the +8 lance "Wyrmbane" {slay drac, rPois rF+ rC+
                  | AC+3}
     5 | D        | Found the +9 sword of Zonguldrok {reap}
     5 | D        | Found the +13 scythe of Curses {drain, curses, Drain}
     5 | D        | Found the +9 sword of Power {lifebolt}
     5 | D        | Found the +7 mace of Variability {chaos, chain chaos}
     5 | D        | Found the +11 Singing Sword {sonic wave}
     5 | D        | Found the +8 storm bow {elec, penet}
    18 | D        | Found a sparkling altar of Nemelex Xobeh.
    20 | D        | Found a transporter.
    20 | D        | Found an ancient bone altar of Kikubaaqudgha.
    20 | D        | Found a viscous altar of Jiyva.
    20 | D        | Found a corrupted altar of Lugonu.
    20 | D        | Found a hazy altar of Hepliaklqana.
    20 | D        | Found a burning altar of Makhleb.
    20 | D        | Found an opulent altar of Gozag.
    80 | D        | Became a worshipper of Hepliaklqana the Forgotten
    84 | D        | Reached skill level 5 in Fighting
    84 | D        | Reached XP level 2. HP: 31/31 MP: 2/2
    84 | D        | Reached XP level 3. HP: 38/38 MP: 3/3
    92 | D        | Entered arena 2.
    92 | D        | Found a transporter.
    96 | D        | Reached skill level 2 in Invocations
   109 | D        | Entered arena 3.
   109 | D        | Noticed a draconian
   109 | D        | Noticed a draconian
   109 | D        | Noticed a draconian
   109 | D        | Found a transporter.
   119 | D        | Killed a draconian
   120 | D        | Reached skill level 5 in Axes
   120 | D        | Reached skill level 6 in Invocations
   120 | D        | Reached XP level 4. HP: 30/48 MP: 4/8
   120 | D        | Reached XP level 5. HP: 34/54 MP: 4/9
   120 | D        | Reached XP level 6. HP: 39/62 MP: 4/10
   121 | D        | Killed a draconian
   121 | D        | Killed a draconian
   122 | D        | Reached skill level 10 in Armour
   122 | D        | Reached skill level 9 in Invocations
   122 | D        | Reached XP level 7. HP: 71/71 MP: 4/13
   122 | D        | Reached XP level 8. HP: 79/79 MP: 4/14
   415 | D        | Entered arena 4.
   415 | D        | Noticed a draconian
   415 | D        | Noticed a draconian
   415 | D        | Noticed a draconian
   415 | D        | Noticed a draconian
   415 | D        | Found a transporter.
   415 | D        | Reached * piety under Hepliaklqana
   422 | D        | Killed a draconian
   425 | D        | Killed a draconian
   426 | D        | Reached skill level 10 in Shields
   426 | D        | Reached skill level 10 in Invocations
   427 | D        | Killed a draconian
   428 | D        | Reached XP level 9. HP: 65/79 MP: 14/17
   428 | D        | Killed a draconian
   429 | D        | Reached skill level 11 in Invocations
   611 | D        | Entered arena 5.
   611 | D        | Found a transporter.
   625 | D        | Got the amulet "Cuzeawne Ull" {Acrobat rPois rN++ Int-4}
   639 | D        | Entered arena 6.
   639 | D        | Found a transporter.
   653 | D        | Entered arena 7.
   653 | D        | Found the +3 hat of Pondering {ponderous, Will+ MP+10
                  | Int+5}
   653 | D        | Reached ** piety under Hepliaklqana
   654 | D        | Found a transporter.
   658 | D        | Reached skill level 12 in Invocations
   668 | D        | Entered arena 8.
   668 | D        | Noticed a spriggan druid
   668 | D        | Noticed a spriggan rider
   669 | D        | Found a transporter.
   672 | D        | Killed a spriggan druid
   673 | D        | Reached XP level 10. HP: 90/90 MP: 19/19
   675 | D        | Reached skill level 10 in Fighting
   675 | D        | Reached skill level 13 in Invocations
   684 | D        | Got the amulet of Xom's Full Attention {Spirit rN+ Will+}
   691 | D        | Entered arena 9.
   691 | D        | Noticed a thrashing horror
   691 | D        | Reached *** piety under Hepliaklqana
   692 | D        | Found a transporter.
   695 | D        | Killed a thrashing horror
   701 | D        | Entered arena 10.
   701 | D        | Found the necklace of Bloodlust {Fury *Rage Will++ Int-3
                  | Slay+6}
   701 | D        | Noticed a deep elf archer
   701 | D        | Noticed a deep elf pyromancer
   701 | D        | Noticed a deep elf knight
   701 | D        | Noticed a deep elf zephyrmancer
   701 | D        | Noticed a deep elf knight
   701 | D        | Noticed a +5 heavy scimitar
   701 | D        | Reached **** piety under Hepliaklqana
   702 | D        | Found a transporter.
   703 | D        | Killed a +5 heavy scimitar
   705 | D        | Killed a deep elf knight
   706 | D        | Reached skill level 14 in Invocations
   708 | D        | Killed a deep elf knight
   710 | D        | Killed a deep elf pyromancer
   710 | D        | Killed a deep elf zephyrmancer
   711 | D        | Reached XP level 11. HP: 8/98 MP: 20/22
   718 | D        | Killed a deep elf archer
   719 | D        | Reached skill level 10 in Axes
   839 | D        | Entered arena 11.
   839 | D        | Noticed a green draconian
   839 | D        | Noticed a red draconian
   840 | D        | Found a transporter.
   842 | D        | Reached skill level 15 in Invocations
   845 | D        | Killed a green draconian
   847 | D        | Killed a red draconian
   852 | D        | Reached skill level 16 in Invocations
   854 | D        | Reached skill level 15 in Armour
  1007 | D        | Remembered your ancestor Wilfreda as a knight
  1018 | D        | Got the Meditations on the Igneous Switch
  1022 | D        | Entered arena 12.
  1022 | D        | Noticed a two-headed ogre
  1022 | D        | Noticed a red ugly thing
  1022 | D        | Noticed a swamp dragon
  1022 | D        | Noticed a shining eye
  1023 | D        | Noticed a red ugly thing
  1023 | D        | Found the brooch of Shielding {Spirit SH+8}
  1023 | D        | a swamp dragon changed into a glowing shapeshifter
  1023 | D        | Noticed a glowing shapeshifter (glowing shapeshifter)
  1024 | D        | an elephant changed into a mana viper
  1024 | D        | Noticed a mana viper (glowing shapeshifter)
  1024 | D        | a glowing shapeshifter changed into a slime creature
  1026 | D        | Found a transporter.
  1027 | D        | a mana viper changed into a two-headed ogre
  1027 | D        | Noticed a two-headed ogre (glowing shapeshifter)
  1027 | D        | a slime creature changed into a shining eye
  1027 | D        | Noticed a shining eye (glowing shapeshifter)
  1028 | D        | Killed a two-headed ogre
  1030 | D        | Killed a red ugly thing
  1030 | D        | Killed a red ugly thing
  1030 | D        | a two-headed ogre changed into a sea snake
  1030 | D        | Noticed a sea snake (glowing shapeshifter)
  1030 | D        | a shining eye changed into a dream sheep
  1031 | D        | Reached skill level 17 in Invocations
  1031 | D        | Killed a sea snake
  1032 | D        | Reached XP level 12. HP: 109/109 MP: 24/24
  1047 | D        | Got the ring "Tuithrugg" {rPois Dex+6}
  1053 | D        | Got Bausit's Discourse on Envenoming
  1063 | D        | Entered arena 13.
  1063 | D        | Noticed a rockslime
  1063 | D        | Reached ***** piety under Hepliaklqana
  1064 | D        | Noticed a great orb of eyes
  1064 | D        | Noticed a rockslime
  1064 | D        | Found a transporter.
  1064 | D        | Paralysed by a floating eye for 2 turns
  1069 | D        | Killed a rockslime
  1074 | D        | Killed a rockslime
  1075 | D        | Reached skill level 15 in Shields
  1075 | D        | Reached skill level 18 in Invocations
  1078 | D        | Killed a great orb of eyes
  1231 | D        | Got the Elucidation of Idealism
  1241 | D        | Entered arena 14.
  1242 | D        | Noticed a vampire knight
  1243 | D        | Found a transporter.
  1255 | D        | Killed a vampire knight
  1320 | D        | Entered arena 15.
  1320 | D        | Reached ****** piety under Hepliaklqana
  1321 | D        | Noticed a mummy priest
  1321 | D        | Noticed a death scarab
  1322 | D        | Noticed a death scarab
  1322 | D        | Noticed a royal mummy
  1322 | D        | Noticed a royal mummy
  1322 | D        | Found the +3 Elemental Staff {rElec rF++ rC++ AC+5}
  1322 | D        | Found a transporter.
  1323 | D        | Killed a death scarab
  1324 | D        | Killed a death scarab
  1333 | D        | Killed a mummy priest
  1333 | D        | Killed a royal mummy
  1334 | D        | Reached skill level 19 in Invocations
  1334 | D        | Reached XP level 13. HP: 24/119 MP: 26/26
  1338 | D        | Killed a royal mummy
  1338 | D        | Killed by a royal mummy's death curse

Illustrated notes

Levels and vault maps discovered:
D:        sprint_v [room_start, room_1, room_2, room_3, room_4, room_5, room_6,
          room_7, room_8, room_9, room_10, room_11, room_12, room_13, room_14,
          room_15, room_16, room_17, room_18, room_19, room_20, room_21,
          room_22, room_23, room_24, room_25, room_26, room_27]

Skill      XL: |  1  2  3  4  5  6  7  8  9 10 11 12 13 |
---------------+----------------------------------------+-----
Fighting       | 5 6 7 8 9 11 12 13 14 | 14.0
Axes           | 4 5 6 7 8 9 11 12 | 12.6
Armour         | 6 8 10 11 12 14 15 17 | 17.6
Shields        | 6 7 9 10 11 12 14 16 | 16.1
Invocations    | 6 9 10 12 14 17 19 | 19.5

Action                     |  1- 3 |  4- 6 |  7- 9 | 10-12 | 13-15 || total
---------------------------+-------+-------+-------+-------+-------++-------
  Melee: Broad axe         |     9 |     1 |    25 |    69 |     5 ||   109
         Tailslap          |     1 |       |     2 |     8 |     3 ||    14
 Invoke: Ancestor Life: Kn |       |       |       |     1 |       ||     1
    Use: Potion            |     3 |     1 |       |     2 |       ||     6
 Armour: Plate armour      |    12 |       |    29 |    18 |       ||    59
  Dodge: Dodged            |       |       |     2 |     2 |       ||     4
  Block: Kite shield       |    22 |     1 |    67 |    79 |     1 ||   170

Table legend: (Time is in decaauts)
 A = Elapsed time spent in this place.
 B = Non-inter-level travel time spent in this place.
 C = Inter-level travel time spent in this place.
 D = Time resting spent in this place.
 E = Time spent auto-exploring this place.
 F = Levels seen in this place.
 G = Mean time per level.
                   A        B        C        D        E       F      G
               +--------+--------+--------+--------+--------+-----+--------+
         Total |   1379 |   1379 |      0 |    924 |      0 |   1 | 1379.0 |
       Dungeon |   1379 |   1379 |      0 |    924 |      0 |   1 | 1379.0 |
               +--------+--------+--------+--------+--------+-----+--------+

Top non-repeatable levels by time:
       D: 1379 daAuts
